 Dungeon Crawl Stone Soup version 0.30.0-18-gc0e69614cb (webtiles) character file.

Game seed: 1776858163055239058

136280 cheesebisquit the Brawler (level 16, -9/141 HPs)
             Began as a Troll Fighter on May 25, 2023.
             Was the Champion of Hepliaklqana.
             Mangled by a spark wasp (19 damage)
             ... on level 3 of the Spider Nest.
             The game lasted 02:01:14 (29647 turns).

cheesebisquit the Brawler (Troll Fighter)          Turns: 29647, Time: 02:01:15

Health: -9/141     AC: 19    Str: 46    XL:     16   Next: 66%
Magic:  20/20      EV: 13    Int:  4    God:    Hepliaklqana [******]
Gold:   305        SH:  0    Dex: 15    Spells: 15/15 levels left

rFire   . .          .
                       - Unarmed
rCold   . . .        w - +5 kite shield {rN+}
rNeg    + . .        G - +7 swamp dragon scales
rPois   +            y - +1 hat
rElec   +            S - scarf {shadows}
rCorr   .            (gloves unavailable)
SInv    .            (boots unavailable)
Will    +....        f - amulet of Jiegar {RegenMP rElec rPois Dex+6}
Stlth   +            X - +6 ring of strength
HPRegen 1.23/turn    R - +6 ring of strength
MPRegen 0.57/turn

%: no passive effects
@: confused, ambrosia-drunk
A: reduced essence, large, unfitting armour, claws 3, regeneration 1, shaggy fur
1, tough skin 1
a: Renounce Religion, Recall Ancestor, Ancestor Identity, Transference, Idealise


You were on level 3 of the Spider Nest.
You worshipped Hepliaklqana.
Hepliaklqana was exalted by your worship.
You visited 5 branches of the dungeon, and saw 26 of its levels.
You visited the Abyss 1 time.

You collected 2779 gold pieces.
You spent 2474 gold pieces at shops.

Inventory:

Hand Weapons
 i - a +2 dagger of venom
 r - a +2 giant spiked club of protection
 O - a +0 demon trident of electrocution
Missiles
 a - 82 large rocks (quivered)
 e - 7 boomerangs
 h - 2 silver javelins
 l - 7 poisoned darts
 z - 8 silver boomerangs
 B - 2 javelins
 D - 2 atropa-tipped darts
 L - 6 throwing nets
 Y - a curare-tipped dart
Armour
 w - a +5 kite shield of positive energy (worn)
 y - a +1 hat (worn)
 G - +7 swamp dragon scales (worn)
 S - a scarf of shadows (worn)
 W - a +0 tower shield
Jewellery
 f - the amulet of Jiegar (around neck) {RegenMP rElec rPois Dex+6}
   (You bought it in a shop on level 8 of the Dungeon)

   [amulet of magic regeneration]

   It increases your rate of magic regeneration.
   Dex:       It affects your dexterity (+6).
   rElec:     It insulates you from electricity.
   rPois:     It protects you from poison.
 k - an amulet of reflection
 v - a ring of see invisible
 P - an amulet of guardian spirit
 R - a +6 ring of strength (right claw)
 U - a +4 ring of protection
 X - a +6 ring of strength (left claw)
Wands
 c - a wand of flame (58)
 g - a wand of light (6)
 m - a wand of mindburst (25)
 n - a wand of roots (47)
 E - a wand of polymorph (17)
 K - a wand of charming (23)
 V - a wand of digging (12)
Scrolls
 q - a scroll of teleportation
 s - a scroll of fog
 u - a scroll of magic mapping
 x - 4 scrolls of amnesia
 I - a scroll of torment
 M - 11 scrolls of immolation
 N - 2 scrolls of vulnerability
 Q - 13 scrolls of identify
Potions
 o - 9 potions of cancellation
 p - 12 potions of attraction
 t - 3 potions of brilliance
 A - 3 potions of ambrosia
 C - 8 potions of mutation
 F - a potion of might
 H - 3 potions of resistance
 J - 4 potions of flight
 T - 3 potions of lignification


   Skills:
 * Level 9.7 Fighting
 + Level 10.0 Throwing
 + Level 6.8 Armour
 + Level 9.5 Dodging
 + Level 5.1 Stealth
 + Level 10.5 Shields
 * Level 15.3 Unarmed Combat
 + Level 7.4 Invocations
 + Level 6.2 Evocations


You had 15 spell levels left.
You didn't know any spells.
Your spell library contained the following spells:

 Spells                   Type           Power      Damage    Failure   Level
 Cigotuvi's Dreadful Rot  Necr/Pois/Air  0%         N/A       82%         2
 Ensorcelled Hibernation  Hex/Ice        0%         N/A       82%         2
 Scorch                   Fire           0%         2d5       82%         2
 Sublimation of Blood     Necr           0%         N/A       82%         2
 Wereblood                Tmut           0%         N/A       82%         2
 Dazzling Flash           Conj/Hex       0%         N/A       96%         3
 Ignite Poison            Fire/Tmut/Pois 0%         N/A       96%         3
 Ozocubu's Armour         Ice            0%         N/A       96%         3
 Spider Form              Tmut/Pois      0%         N/A       96%         3
 Volatile Blastmotes      Fire/Tloc      0%         2d10      96%         3
 Anguish                  Hex/Necr       0%         N/A       100%        4
 Cause Fear               Hex            0%         N/A       100%        4
 Dispel Undead            Necr           0%         3d6       100%        4
 Flame Wave               Conj/Fire      0%         2d4       100%        4
 Iskenderun's Mystic Bla  Conj/Tloc      0%         2d3       100%        4
 Sticky Flame             Conj/Fire      0%         2d3       100%        4
 Metabolic Englaciation   Hex/Ice        0%         N/A       100%        5
 Death Channel            Necr           0%         N/A       100%        6
 Simulacrum               Ice/Necr       0%         N/A       100%        6
 Starburst                Conj/Fire      0%         6d3       100%        6
 Summon Cactus Giant      Summ           0%         N/A       100%        6
 Enfeeble                 Hex            0%         N/A       100%        7
 Summon Hydra             Summ           0%         N/A       100%        7
 Ignition                 Fire           0%         3d3       100%        8
 Chain Lightning          Conj/Air       0%         N/A       100%        9
 Fire Storm               Conj/Fire      0%         5d1       100%        9
 Shatter                  Erth           0%         3d5*      100%        9


Dungeon Overview and Level Annotations

Branches:
Dungeon (15/15)            Temple (1/1) D:6            Lair (5/5) D:9
  Swamp (0/4) Lair:3       Spider (3/4) Lair:3        Slime (0/5) Lair:5
    Orc (2/2) D:12            Elf (0/3) Orc:2        Vaults (0/5) D:14
 Depths (0/4) D:15

Altars:
Ashenzari
Cheibriados
Dithmenos
Elyvilon
Fedhas
Gozag
Hepliaklqana
Kikubaaqudgha
Makhleb
Nemelex Xobeh
Okawaru
Qazlal
Ru
Sif Muna
Trog
Uskayaw
Vehumet
Wu Jian
Xom
Yredelemnul
Zin
The Shining One
Jiyva

Shops:
D:8 [=?[=   Orc:2 [*(![(==

Annotations:
D:9 1 runed translucent door, Irreverend's ghost, novice FeSu


Innate Abilities, Weirdness & Mutations

Your life essence is reduced to manifest your ancestor. (-10% HP)
You are too large for most types of armour.
You have claws for hands.
Your natural rate of healing is unusually fast.
You are covered in fur. (AC +1)
You have tough skin. (AC +1)


Message History

* * * LOW HITPOINT WARNING * * *
The emperor scorpion's soul is no longer bound.
You are caught in the web!
There is a web here.
You struggle to detach yourself from the web.
The spark wasp stings you.
* * * LOW HITPOINT WARNING * * *
The spark wasp shocks you. You resist.
* * * LOW HITPOINT WARNING * * *
As you read the scroll of fear, it crumbles to dust.
You assume a fearsome visage.
The spark wasp looks frightened!
The tarantella looks frightened! x2; The emperor scorpion looks frightened!
The tarantella looks frightened!
The tarantella's soul is no longer bound.
Blink to where?
Press: ? - help, Dir - move target
As you read the scroll of blinking, it crumbles to dust.
Found 3 stones.
You mangle the spark wasp!!
The spark wasp is moderately wounded.
The spark wasp stings you!!
* * * LOW HITPOINT WARNING * * *
The spark wasp shocks you. You resist.
* * * LOW HITPOINT WARNING * * *
You feel better. You block the spark wasp's attack.
Blink to where?
Press: ? - help, Dir - move target
As you read the scroll of blinking, it crumbles to dust.
The spark wasp stings you!
* * * LOW HITPOINT WARNING * * *
The spark wasp shocks you. You resist.
* * * LOW HITPOINT WARNING * * *
Okay, then.
Okay, then.
You don't know any spells.
Okay, then.
You are confused.
You feel invigorated. The spark wasp barely misses you.
The spark wasp stings you!!
You die...

## # #†#
#..#.#.###
.#...#.#.#
.^.#....# #.
##..#^#..# ###.
#...#.^.### #.#..
#.^##..#.#
.#..)###..#.<...#
.....#.#^y@##.^##
##....^##.##..#
#...#.§...##..#
#^.#..#.#^...#.†#
####.#..#.#(.....
#..#.######..#..
##...#.#..#.##...
#....#..(††..#.
....
.....##..#y§.#.
###..


You could see a spark wasp.

Vanquished Creatures
  A fire giant (Orc:1)
  Louise (Spider:2)
  An orc warlord (Orc:2)
  Nessos (Lair:5)
  3 ettins
  3 entropy weavers
  3 hydras
  Harold (Orc:1)
  4 catoblepae (Lair:5)
  A jorogumo (Spider:1)
  2 two-headed ogres
  4 centaur warriors
  4 boulder beetles
  A dancing weapon (D:14)
  A radroach (Spider:3)
  A tengu warrior (D:13)
  6 death yaks (Lair:5)
  A titan zombie (Orc:1)
  6 pharaoh ants
  4 skysharks
  A sun moth (Lair:3)
  3 orb spiders
  5 bog bodies (Lair:3)
  2 wizards (D:15)
  3 swamp dragons (Lair:4)
  Pikel (D:5)
  A necromancer (D:15)
  3 steelbarb worms (Spider:3)
  6 manticores
  2 stone giant zombies (Orc:1)
  An oklob plant (Lair:2)
  14 wolf spiders
  3 orc sorcerers
  A worldbinder (Abyss:3)
  3 moths of wrath
  A centaur zombie (D:15)
  4 slime creatures
  16 cyclopes
  3 black mambas
  4 elephants (Lair:2)
  3 cane toads
  A naga mage (D:15)
  8 demonic crawlers
  2 torpor snails
  A gargoyle (D:12)
  9 rime drakes
  7 komodo dragons
  An efreet (D:13)
  2 tengu conjurers (D:14)
  A queen bee (Spider:2)
  2 polar bears
  10 meliai
  8 trolls
  A hornet (D:7)
  10 tarantellas
  A harpy skeleton (D:15)
  Prince Ribbit (D:7)
  3 blink frogs (Lair:2)
  Sigmund (D:2)
  13 culicivoras
  29 jumping spiders
  3 shadows
  A centaur simulacrum (D:15)
  A vampire (D:13)
  2 water elementals
  A wraith (D:11)
  53 yaks
  A basilisk (D:9)
  3 wyverns
  35 redbacks
  5 vampire mosquitoes (Lair:4)
  3 chaos spawn
  A redback simulacrum (D:15)
  2 wargs (Orc:1)
  3 acid dragons
  8 water moccasins
  An ice beast (D:5)
  2 large abominations (Abyss:3)
  A sky beast (D:8)
  26 orc warriors
  6 black bears
  8 ogres
  12 wolves
  4 centaurs
  A phantom (D:6)
  A small abomination (Abyss:3)
  4 kobold brigands
  4 scorpions
  2 gnoll sergeants
  13 bullfrogs
  An earth elemental (Abyss:3)
  A cyclops zombie (Orc:1)
  10 wights
  A hornet simulacrum (D:15)
  2 hexers
  13 killer bees
  5 howler monkeys
  8 electric eels
  15 orc priests
  8 jellies
  5 hounds
  A gnoll bouda (Orc:2)
  Jessica (D:15)
  3 iguanas
  24 orc wizards
  2 hell rats (Lair:2)
  10 adders
  22 gnolls
  6 river rats (Lair:2)
  4 worms
  6 dart slugs
  83 orcs
  7 endoplasms
  12 goblins
  4 hobgoblins
  4 quokkas
  8 ball pythons
  6 bats
  5 frilled lizards
  26 kobolds
  3 rats (D:1)
753 creatures vanquished.

Vanquished Creatures (collateral kills)
  A hydra (Lair:2)
  A dancing weapon (D:14)
  A two-headed ogre (D:11)
  A boulder beetle (D:12)
  Sonja (Lair:3)
  A skyshark (Lair:3)
  An orb spider (Spider:3)
  A bog body (Lair:3)
  3 slime creatures
  2 orc knights
  A wolf spider (Spider:3)
  A cyclops (Orc:1)
  2 elephants (Lair:2)
  A torpor snail (Lair:2)
  3 black mambas
  2 cane toads
  A rime drake (Lair:3)
  2 komodo dragons (Lair:4)
  A troll (D:10)
  2 meliai
  A tarantella (Spider:1)
  A blink frog (Lair:2)
  6 jumping spiders
  18 yaks
  A wyvern (D:9)
  A basilisk (Lair:4)
  4 redbacks
  A steam dragon (D:6)
  A warg (Orc:2)
  4 water moccasins
  8 orc warriors
  2 ogres (Orc:1)
  4 wolves
  3 bullfrogs
  5 killer bees (Spider:2)
  2 howler monkeys (D:9)
  A hound (D:7)
  An orc priest (Orc:2)
  2 orc wizards
  2 gnolls
  A river rat (Lair:2)
  20 orcs
  3 kobolds
  A rat (Lair:2)
122 creatures vanquished.

Vanquished Creatures (others)
  A redback (Spider:3)
  2 ancestors (D:7)
  21 hexers
  An orc (D:6)
25 creatures vanquished.

Grand Total: 900 creatures vanquished

Notes
Turn   | Place    | Note
-------+----------+-------------------------------------------
     0 | D:1      | cheesebisquit the Troll Fighter began the quest for the
                  | Orb.
     0 | D:1      | Reached XP level 1. HP: 22/22 MP: 0/0
   206 | D:1      | Reached XP level 2. HP: 29/29 MP: 1/1
   659 | D:2      | Found a faded altar of an unknown god.
   664 | D:2      | Reached XP level 3. HP: 36/36 MP: 2/2
   953 | D:2      | Noticed Sigmund
  1000 | D:2      | Killed Sigmund
  1001 | D:2      | Reached skill level 1 in Throwing
  1001 | D:2      | Reached skill level 3 in Unarmed Combat
  1001 | D:2      | Reached XP level 4. HP: 16/45 MP: 3/3
  1001 | D:2      | Reached XP level 5. HP: 18/53 MP: 4/4
  1619 | D:3      | Reached skill level 4 in Unarmed Combat
  1854 | D:3      | Reached XP level 6. HP: 55/61 MP: 5/5
  2335 | D:4      | Reached XP level 7. HP: 40/67 MP: 6/6
  2614 | D:4      | Found a hazy altar of Hepliaklqana.
  2614 | D:4      | Found a basalt altar of Yredelemnul.
  2729 | D:5      | Entered Level 5 of the Dungeon
  2853 | D:4      | Found a glowing silver altar of Zin.
  2864 | D:4      | Became a worshipper of Hepliaklqana the Forgotten
  2932 | D:5      | Reached skill level 5 in Unarmed Combat
  3082 | D:5      | Identified the +10 quarterstaff "Vaef" {spect, rElec Will+
                  | Int-2 Stlth+}
  3188 | D:5      | Noticed Pikel
  3204 | D:5      | Killed Pikel
  3205 | D:5      | Reached skill level 6 in Unarmed Combat
  3205 | D:5      | Reached XP level 8. HP: 47/78 MP: 7/7
  3808 | D:6      | Reached skill level 5 in Shields
  3817 | D:6      | Reached skill level 7 in Unarmed Combat
  3913 | D:6      | Noticed a cyclops
  4042 | D:6      | Reached XP level 9. HP: 85/85 MP: 8/8
  4086 | D:6      | Killed a cyclops
  4111 | D:6      | Found a staircase to the Ecumenical Temple.
  4151 | Temple   | Entered the Ecumenical Temple
  4231 | D:6      | Reached skill level 5 in Dodging
  4293 | D:6      | Reached * piety under Hepliaklqana
  4339 | D:6      | Reached skill level 5 in Fighting
  4392 | D:6      | Reached skill level 8 in Unarmed Combat
  5017 | D:7      | Found a stormy altar of Qazlal.
  5259 | D:7      | Noticed Prince Ribbit
  5276 | D:7      | Killed Prince Ribbit
  5277 | D:7      | Reached skill level 5 in Throwing
  5650 | D:8      | Found a flagged portal.
  5702 | D:8      | Reached ** piety under Hepliaklqana
  5703 | D:8      | Remembered your ancestor Little Tail as a hexer
  5735 | D:8      | Reached XP level 10. HP: 37/86 MP: 9/9
  5945 | D:8      | Found Upleass's Jewellery Shop.
  5960 | D:8      | Found Tyxzeig's Armour Shoppe.
  6125 | D:8      | Reached skill level 9 in Unarmed Combat
  6168 | D:8      | Found Ugui's Magic Scroll Shoppe.
  6187 | D:8      | Found Zahutsuxa's Jewellery Emporium.
  6215 | D:8      | Bought a ring of see invisible for 165 gold pieces
  6224 | D:8      | Bought a scroll of torment for 104 gold pieces
  6224 | D:8      | Bought a scroll of vulnerability for 44 gold pieces
  6224 | D:8      | Bought a scroll of identify for 22 gold pieces
  6224 | D:8      | Bought a scroll of immolation for 44 gold pieces
  6224 | D:8      | Bought 2 scrolls of identify for 44 gold pieces
  6224 | D:8      | Bought a scroll of identify for 22 gold pieces
  6286 | D:8      | Bought a scroll of blinking for 82 gold pieces
  6289 | D:8      | Found Eskercho's Antique Armour Shop.
  7064 | D:9      | Reached *** piety under Hepliaklqana
  7092 | D:9      | Found a staircase to the Lair.
  7261 | D:9      | Noticed a cyclops
  7268 | D:9      | Killed a cyclops
  7289 | D:9      | Reached skill level 10 in Unarmed Combat
  7370 | D:9      | Found a runed translucent door.
  7372 | D:9      | Identified the +8 spear of a volcano {drain, Will+ Dex+4}
  7374 | D:9      | Noticed Irreverend's ghost (novice FeSu)
  7834 | D:10     | Entered Level 10 of the Dungeon
  7927 | D:10     | Noticed a two-headed ogre
  7951 | D:10     | Reached XP level 11. HP: 71/94 MP: 10/10
  7965 | D:10     | HP: 1/94 [two-headed ogre/+0 giant club (26)]
  8051 | D:10     | Killed a two-headed ogre
  8075 | D:10     | Found a shimmering altar of Xom.
  8075 | D:10     | Found the +7 mace of Variability {chaos, chaos arc}
  8153 | D:10     | Found a blossoming altar of Fedhas.
  8658 | D:10     | Found a broken altar of Ashenzari.
  8658 | D:10     | Found an iron altar of Okawaru.
  8660 | D:10     | Found a glowing golden altar of the Shining One.
  8661 | D:10     | Found a burning altar of Makhleb.
  9016 | D:11     | Reached skill level 1 in Stealth
  9016 | D:11     | Reached skill level 11 in Unarmed Combat
  9016 | D:11     | Reached skill level 1 in Evocations
  9016 | D:11     | Reached XP level 12. HP: 103/103 MP: 10/12
  9072 | D:11     | Noticed a two-headed ogre
  9077 | D:11     | Killed a two-headed ogre
  9171 | D:11     | Reached **** piety under Hepliaklqana
  9192 | D:11     | Noticed a two-headed ogre
  9202 | D:11     | Killed a two-headed ogre
  9981 | D:12     | Found a staircase to the Orcish Mines.
  9984 | D:12     | Noticed a boulder beetle
 10007 | D:12     | Killed a boulder beetle
 10631 | Lair:1   | Entered Level 1 of the Lair of Beasts
 11214 | Lair:1   | Reached ***** piety under Hepliaklqana
 11457 | Lair:2   | Reached skill level 12 in Unarmed Combat
 11590 | Lair:2   | Reached XP level 13. HP: 111/111 MP: 14/14
 12226 | Lair:2   | Identified the +3 leather armour of the Grue {rN+ MP+9
                  | Stlth+}
 12834 | Lair:3   | Noticed Sonja
 12842 | Lair:3   | Killed Sonja
 13720 | Lair:3   | Found a staircase to the Swamp.
 13924 | Lair:3   | Found a hole to the Spider Nest.
 14378 | Lair:4   | Reached skill level 13 in Unarmed Combat
 14384 | Lair:4   | Reached XP level 14. HP: 99/122 MP: 16/16
 15132 | Lair:4   | Reached skill level 5 in Invocations
 15324 | Lair:5   | Entered Level 5 of the Lair of Beasts
 16718 | Lair:5   | Identified the +1 flail of Departure {venom, rN+}
 17136 | Lair:5   | Noticed Nessos
 17142 | Lair:5   | Killed Nessos
 17349 | Lair:5   | Found a viscous altar of Jiyva.
 17456 | Lair:5   | Found a staircase to the Slime Pits.
 17809 | Lair:5   | Reached skill level 5 in Armour
 19245 | D:14     | Reached XP level 15. HP: 82/130 MP: 18/18
 19641 | D:14     | Reached skill level 14 in Unarmed Combat
 19675 | D:14     | Found a gate to the Vaults.
 19968 | Orc:1    | Entered Level 1 of the Orcish Mines
 19968 | Orc:1    | Noticed Harold
 20426 | Orc:1    | Killed Harold
 20492 | Orc:1    | Paralysed by an orc sorcerer for 4 turns
 20637 | Orc:1    | Reached skill level 5 in Evocations
 20848 | Orc:1    | Noticed a fire giant
 21576 | Orc:1    | Killed a fire giant
 21679 | Orc:1    | Identified the +4 rapier "Vadokk" {venom, Will- Str+7
                  | Int+4}
 21681 | Orc:1    | Identified the +7 scimitar of the Undead {flame, *Slow rC+
                  | Str+4}
 21683 | Orc:1    | Identified the +5 mace "Goegh" {spect, Dex+4}
 21776 | Orc:2    | Entered Level 2 of the Orcish Mines
 21938 | Orc:2    | Found Ago Tait's Distillery.
 21981 | Orc:2    | Found Feninetu's General Store.
 21984 | Orc:2    | Bought a potion of heal wounds for 65 gold pieces
 21984 | Orc:2    | Bought a potion of haste for 130 gold pieces
 22049 | Orc:2    | Found Jyptis's Armour Shop.
 22057 | Orc:2    | Bought a +1 hat for 154 gold pieces
 22117 | Orc:2    | Found Zuemieh's Antique Weapon Shoppe.
 22153 | Orc:2    | Found a staircase to the Elven Halls.
 22277 | Orc:2    | Paralysed by an orc sorcerer for 3 turns
 22299 | Orc:2    | HP: 2/130 [orc warrior/+0 scimitar (16)]
 22546 | Orc:2    | Found Nanue's Jewellery Shoppe.
 22551 | Orc:2    | Bought a +6 ring of strength for 540 gold pieces
 22778 | D:8      | Bought an amulet of guardian spirit for 390 gold pieces
 23190 | Orc:2    | Found Qustoef's Antique Armour Shop.
 23192 | Orc:2    | Found Xuinat's Antique Weapon Boutique.
 23388 | Orc:2    | Reached ****** piety under Hepliaklqana
 23414 | Orc:2    | Found Risejis's Jewellery Shop.
 23966 | Orc:2    | Found Nanue's Jewellery Shoppe.
 24109 | Orc:2    | Found Risejis's Jewellery Shop.
 24254 | Orc:2    | Found Zuemieh's Antique Weapon Shoppe.
 24269 | Orc:2    | Found Ago Tait's Distillery.
 24275 | Orc:2    | Found Jyptis's Armour Shop.
 24386 | Orc:2    | Found Qustoef's Antique Armour Shop.
 24389 | Orc:2    | Found Xuinat's Antique Weapon Boutique.
 24549 | Orc:2    | Found a staircase to the Elven Halls.
 24599 | Orc:2    | Found Feninetu's General Store.
 24937 | D:15     | Entered Level 15 of the Dungeon
 25429 | D:15     | Found a sparkling altar of Nemelex Xobeh.
 25429 | D:15     | Noticed Jessica
 25434 | D:15     | Killed Jessica
 25572 | Abyss:3  | Found a corrupted altar of Lugonu.
 25572 | Abyss:3  | Cast into level 3 of the Abyss (a wizard)
 25726 | D:15     | Escaped the Abyss
 25749 | D:15     | Reached skill level 10 in Shields
 25792 | D:15     | Found a staircase to the Depths.
 26526 | D:8      | Bought the amulet of Jiegar {RegenMP rElec rPois Dex+6} for
                  | 668 gold pieces
 26663 | Spider:1 | Entered Level 1 of the Spider Nest
 27300 | Spider:1 | Reached XP level 16. HP: 140/140 MP: 20/20
 28229 | Spider:1 | Reached skill level 15 in Unarmed Combat
 28915 | Spider:2 | Reached skill level 5 in Stealth
 29209 | Spider:2 | Identified the +7 scimitar "Spiderslayer" {flame, Str+2
                  | Int+3 Dex+3}
 29229 | Spider:2 | Noticed Louise
 29235 | Spider:2 | Killed Louise
 29620 | Spider:3 | Reached skill level 10 in Throwing
 29646 | Spider:3 | HP: 4/141 [spark wasp (5)]
 29647 | Spider:3 | Mangled by a spark wasp

Illustrated notes

Levels and vault maps discovered:
D:1:      heliophobic_arrival_glass_houses, layout_basic
D:2:      cheibrodos_old_hovel, layout_loops_corners, basic_ecumenical_altar,
          uniq_sigmund
D:3:      layout_rooms, grunt_ministairs_2, dreamdust_princess_corridor
D:4:      layout_cave_pools, nicolae_overflow_hidden_temple, grunt_ministairs_3,
          nicolae_kite_square_tiling_tiny
D:5:      layout_loops_cross, uniq_pikel
D:6:      layout_cave_pools, minmay_temple_entry_slanted, serial_bayou,
          serial_bayou_lagoon_a, serial_bayou_ford_a, serial_bayou_pond_e,
          serial_bayou_pond_e, serial_bayou_pond_a, serial_bayou_shore_b,
          nzn_random_ring
D:7:      layout_loops_corners, grunt_qazlal_sundering, dreamdust_gnoll_farm,
          uniq_prince_ribbit1
D:8:      layout_loops_corners, serial_shops, nicolae_shop_tiny_real_fake_doors,
          kennysheep_mini_moat, shop, shop, nicolae_shop_gaudy_bauble,
          serial_glass, glass_columns_a, glass_columns_a, enter_bailey_8,
          hangedman_decor_peaks_small
D:9:      layout_basic, david_lair_generic, ebering_ghost_funeral_grove
D:10:     layout_basic, mainiacjoe_overflow_alcove_3,
          mainiacjoe_overflow_six_doors_small, minmay_guarded_unrand_variability
D:11:     nicolae_cairo_tiling, layout_basic, minmay_misc_feat_diagonals
D:12:     layout_loops_ring, minmay_orc_entry_temple_small
D:13:     layout_basic, serial_bayou_pond_d
D:14:     layout_layer_cave, erik_vaults_1, infiniplex_staircase_zigzag_4
D:15:     grunt_enter_depths_magical_seal, layout_stronghold,
          nemelex_lonely_heart_becter
Temple:   nicolae_temple_ecumenical_triangle
Lair:1:   layout_regular_city, serial_bayou, serial_bayou_pond_b,
          serial_bayou_crossing, serial_bayou_pond_d, serial_bayou_pond_e
Lair:2:   layout_gridlike, minivault_27, minmay_holes, kennysheep_rathole
Lair:3:   layout_loops_ring, nicolae_swamp_entry_splash_gauntlet,
          spider_nest_entry_funnel_web, grunt_megastairs_5, lemuel_fruit_tree,
          infiniplex_staircase_pool, serial_bayou_shore_a, uniq_sonja
Lair:4:   layout_regular_city, pond, infiniplex_staircase_pool_2
Lair:5:   evilmike_catoblepas_cave, layout_misc_corridors,
          nicolae_slime_entry_field_trip, minivault_24, st_stairs_12,
          minmay_lair_drake_nest, uniq_nessos
Spider:1: layout_chambers
Spider:2: layout_spider_delve, special_room [special_room_bee], uniq_louise
Spider:3: layout_spider_delve, hellmonk_narrow_tunnel,
          nicolae_spider_cling_halls
Orc:1:    giant_chief_lemuel, layout_caves, nicolae_orc_pool_cavern, uniq_harold
Orc:2:    grunt_orc_community_town_hall, layout_diamond_mine,
          grunt_orc_community_big_house_1, grunt_orc_community_big_house_1,
          grunt_orc_community_house_2, grunt_orc_community_house_2,
          grunt_orc_community_house_1, grunt_orc_community_house_3,
          grunt_orc_community_house_2, grunt_orc_community_house_3,
          serial_shops, nicolae_shop_back_alley_shop, nicolae_lakefront_shop,
          nicolae_shop_advertising_works [nicolae_subvault_shop_adworks],
          nicolae_shop_real_fake_doors, abandoned_shop, mines2_david

Skill      XL: |  1  2  3  4  5  6  7  8  9 10 11 12 13 14 15 16 |
---------------+-------------------------------------------------+-----
Fighting       | 3 4 5 6 7 8 9 |  9.7
Throwing       | 1 2 3 4 5 6 7 8 9 10 | 10.0
Dodging        | 3 4 5 6 7 8 9 |  9.5
Shields        | 3 4 5 6 7 8 9 10 | 10.5
Unarmed Combat | 3 4 6 7 8 10 11 12 13 14 15 | 15.3
Armour         | 2 3 4 5 6 |  6.8
Stealth        | 1 2 3 4 5 |  5.1
Invocations    | 2 3 4 5 6 7 |  7.4
Evocations     | 1 2 3 4 5 6 |  6.2

Action                     |  1- 3 |  4- 6 |  7- 9 | 10-12 | 13-15 | 16-18 || total
---------------------------+-------+-------+-------+-------+-------+-------++-------
  Melee: Unarmed           |    88 |   110 |   208 |   356 |  1039 |   329 ||  2130
  Throw: Dart              |     8 |       |    26 |     5 |   270 |    21 ||   330
         Boomerang         |       |       |    69 |    61 |     3 |     8 ||   141
         Large rock        |       |       |    17 |     4 |    58 |     9 ||    88
         Throwing net      |       |       |       |       |    11 |       ||    11
 Invoke: Ancestor Life: He |       |       |     1 |       |       |       ||     1
         Ancestor Identity |       |       |     1 |       |       |       ||     1
         Transference      |       |       |       |       |     5 |       ||     5
         Recall Ancestor   |       |       |       |       |     1 |     1 ||     2
         Idealise          |       |       |       |       |       |     1 ||     1
  Evoke: Wand              |       |       |     1 |       |     5 |       ||     6
    Use: Potion            |     1 |       |     3 |     3 |    10 |     8 ||    25
         Scroll            |       |     1 |    13 |    11 |    20 |    14 ||    59
   Stab: Sleeping          |       |     2 |       |       |     3 |     1 ||     6
         Confused          |       |       |       |     9 |    12 |     3 ||    24
         Distracted        |       |       |       |     5 |    16 |     1 ||    22
         Petrified         |       |       |       |       |     2 |       ||     2
         Petrifying        |       |       |       |       |     1 |       ||     1
         Paralysed         |       |       |       |       |    34 |    30 ||    64
 Armour: Robe              |    24 |    29 |    32 |     9 |       |       ||    94
         Acid dragon scale |       |       |       |    38 |    56 |       ||    94
         Swamp dragon scal |       |       |       |       |   188 |   176 ||   364
  Dodge: Dodged            |    22 |    44 |    78 |   119 |   331 |   178 ||   772
  Block: Kite shield       |    24 |    35 |   101 |   165 |   599 |   354 ||  1278
